General information
- name: BNet
- type: Ladder team game (AT/RT)
- host: Battle.net
- saver: brucewillisusa
map: Battleground
- players: 8
- length: 32:30
- speed: Fast
- version: 1.24 W3XP
- replay type: Public
» download(223 KB)
Players
team 1 (winner)

»
brucewillisusa (
red | 70 APM | 2282 actions | 32:30)
8 Death Knight
3 Death Coil
3 Unholy Aura
1 Animate Dead
1 Death Pact
5 Lich
3 Frost Nova
2 Dark Ritual
» actions
| Assign group hotkey | 80 | |
| Basic commands | 71 | |
| Build / train | 85 | |
| ESC pressed | 6 | |
| Enter build submenu | 18 | |
| Enter hero's abilities submenu | 13 | |
| Give item / drop item | 6 | |
| Right click | 1024 | |
| Select / deselect | 323 | |
| Select group hotkey | 526 | |
| Use ability | 130 | |
2282 total
» units
| Acolyte | 5 | |
| Ghoul | 1 | |
| Crypt Fiend | 16 | |
| Obsidian Statue | 3 | |
| Frost Wyrm | 5 | |
30 total
» upgrades
| Web | 1 | |
| Creature Attack | 3 | |
| Burrow | 1 | |
| Freezing Breath | 1 | |
| Creature Carapace | 2 | |
8 total
» buildings
| Graveyard | 1 | |
| Crypt | 1 | |
| Altar of Darkness | 1 | |
| Ziggurat | 7 | |
| Tomb of Relics | 1 | |
| Nerubian Tower | 1 | |
| Halls of the Dead | 1 | |
| Spirit Tower | 1 | |
| Slaughterhouse | 1 | |
| Black Citadel | 1 | |
| Sacrificial Pit | 1 | |
| Boneyard | 2 | |
19 total
» build order
00:11 Graveyard
00:13 Crypt
00:43 Altar of Darkness
00:56 Ziggurat
01:11 Tomb of Relics
02:06 Ziggurat
02:12 Nerubian Tower
04:00 Ziggurat
04:54 Halls of the Dead
06:06 Spirit Tower
06:09 Ziggurat
08:47 Slaughterhouse
08:59 Black Citadel
11:33 Sacrificial Pit
14:28 Boneyard
14:29 Boneyard
15:57 Ziggurat
15:59 Ziggurat
24:02 Ziggurat
» items
| Rod of Necromancy | 5 | |
| Dust of Appearance | 1 | |
| Sacrificial Skull | 1 | |
| Orb of Corruption | 1 | |
| Scroll of Town Portal | 8 | |
| Scroll of Healing | 3 | |
| Potion of Mana | 1 | |
| Potion of Healing | 3 | |
| Staff of Teleportation | 1 | |
| Scroll of Protection | 2 | |
26 total
RedStarRising (
purple | 34 APM | 1091 actions | 32:30)
4 Blademaster
2 Wind Walk
2 Critical Strike
2 Shadow Hunter
1 Healing Wave
1 Hex
» actions
| Assign group hotkey | 16 | |
| Basic commands | 31 | |
| Build / train | 61 | |
| ESC pressed | 2 | |
| Enter build submenu | 16 | |
| Enter hero's abilities submenu | 6 | |
| Right click | 651 | |
| Select / deselect | 232 | |
| Select group hotkey | 22 | |
| Use ability | 54 | |
1091 total
» units
» upgrades
| Spiked Barricades | 2 | |
| Armor | 3 | |
| Melee Weapons | 3 | |
| Ensnare | 1 | |
| Pillage | 1 | |
| Reinforced Defenses | 1 | |
11 total
» buildings
| Altar of Storms | 2 | |
| Orc Burrow | 5 | |
| Barracks | 1 | |
| War Mill | 1 | |
| Voodoo Lounge | 2 | |
| Watch Tower | 2 | |
| Stronghold | 1 | |
| Fortress | 1 | |
| Beastiary | 2 | |
| Great Hall | 1 | |
18 total
» build order
00:12 Altar of Storms
00:23 Orc Burrow
01:06 Barracks
01:26 War Mill
01:49 Orc Burrow
02:29 Voodoo Lounge
03:19 Watch Tower
03:24 Watch Tower
03:57 Orc Burrow
05:36 Stronghold
05:55 Orc Burrow
09:02 Fortress
09:44 Beastiary
09:49 Beastiary
11:05 Orc Burrow
19:43 Voodoo Lounge
25:12 Altar of Storms
25:16 Great Hall
» items
| Healing Salve | 1 | |
| Lesser Clarity Potion | 1 | |
| Boots of Speed | 1 | |
| Dust of Appearance | 1 | |
| Orb of Lightning | 1 | |
| Scroll of Town Portal | 3 | |
| Potion of Healing | 1 | |
9 total
xtiger (
orange | 34 APM | 1117 actions | 32:29)
5 Death Knight
3 Death Coil
2 Unholy Aura
4 Lich
2 Frost Nova
2 Frost Armor
» actions
| Assign group hotkey | 14 | |
| Basic commands | 100 | |
| Build / train | 46 | |
| Enter build submenu | 28 | |
| Enter hero's abilities submenu | 9 | |
| Right click | 542 | |
| Select / deselect | 229 | |
| Select group hotkey | 79 | |
| Use ability | 70 | |
1117 total
» units
| Acolyte | 5 | |
| Ghoul | 4 | |
| Crypt Fiend | 12 | |
21 total
» upgrades
» buildings
| Altar of Darkness | 2 | |
| Ziggurat | 13 | |
| Crypt | 5 | |
| Graveyard | 3 | |
| Tomb of Relics | 1 | |
| Nerubian Tower | 1 | |
| Halls of the Dead | 2 | |
| Black Citadel | 1 | |
| Sacrificial Pit | 1 | |
| Necropolis | 3 | |
32 total
» build order
00:09 Altar of Darkness
00:12 Ziggurat
00:37 Crypt
00:44 Crypt
01:10 Graveyard
01:37 Ziggurat
01:41 Tomb of Relics
02:01 Nerubian Tower
02:23 Ziggurat
03:16 Crypt
04:20 Ziggurat
05:11 Halls of the Dead
11:29 Black Citadel
11:32 Ziggurat
11:33 Ziggurat
11:35 Sacrificial Pit
16:05 Necropolis
19:57 Necropolis
20:00 Ziggurat
20:05 Graveyard
23:42 Altar of Darkness
23:47 Necropolis
23:51 Graveyard
24:52 Ziggurat
24:53 Ziggurat
24:53 Ziggurat
26:28 Ziggurat
27:06 Crypt
27:07 Crypt
28:54 Halls of the Dead
29:17 Ziggurat
29:17 Ziggurat
» items
| Rod of Necromancy | 2 | |
| Dust of Appearance | 2 | |
| Potion of Healing | 2 | |
| Potion of Lesser Invulnerability | 1 | |
| Orb of Corruption | 1 | |
8 total

»
Rijker (
yellow | 41 APM | 1344 actions | 32:29)
7 Crypt Lord
1 Carrion Beetles
3 Spiked Carapace
2 Impale
1 Locust Swarm
» actions
| Basic commands | 82 | |
| Build / train | 77 | |
| Enter build submenu | 19 | |
| Enter hero's abilities submenu | 8 | |
| Right click | 832 | |
| Select / deselect | 270 | |
| Use ability | 56 | |
1344 total
» units
| Acolyte | 7 | |
| Ghoul | 4 | |
| Crypt Fiend | 5 | |
| Obsidian Statue | 3 | |
| Necromancer | 7 | |
| Gargoyle | 15 | |
| Abomination | 8 | |
49 total
» upgrades
| Unholy Strength | 1 | |
| Unholy Armor | 1 | |
| Web | 1 | |
| Burrow | 1 | |
| Skeletal Longevity | 1 | |
| Necromancer Training | 2 | |
| Skeletal Mastery | 1 | |
| Destroyer Form | 1 | |
| Disease Cloud | 1 | |
10 total
» buildings
| Altar of Darkness | 1 | |
| Ziggurat | 6 | |
| Tomb of Relics | 1 | |
| Crypt | 1 | |
| Nerubian Tower | 1 | |
| Graveyard | 1 | |
| Spirit Tower | 1 | |
| Halls of the Dead | 3 | |
| Slaughterhouse | 1 | |
| Temple of the Damned | 2 | |
| Black Citadel | 1 | |
19 total
» build order
00:10 Altar of Darkness
00:11 Ziggurat
00:24 Tomb of Relics
00:50 Crypt
01:10 Nerubian Tower
01:28 Graveyard
01:38 Ziggurat
03:05 Spirit Tower
03:37 Halls of the Dead
03:37 Halls of the Dead
03:37 Halls of the Dead
04:24 Ziggurat
07:21 Slaughterhouse
07:23 Temple of the Damned
07:24 Temple of the Damned
09:11 Black Citadel
11:02 Ziggurat
11:03 Ziggurat
11:05 Ziggurat
» items
| Rod of Necromancy | 1 | |
| Scroll of Town Portal | 3 | |
4 total
team 2 (loser)

»
tErra[n] (
green | 119 APM | 3726 actions | 31:26)
7 Beastmaster
3 Summon Bear
3 Summon Hawk
1 Stampede
» actions
| Assign group hotkey | 34 | |
| Basic commands | 310 | |
| Build / train | 91 | |
| ESC pressed | 1 | |
| Enter build submenu | 22 | |
| Enter hero's abilities submenu | 7 | |
| Give item / drop item | 3 | |
| Right click | 1320 | |
| Select / deselect | 461 | |
| Select group hotkey | 1286 | |
| Use ability | 191 | |
3726 total
» units
| Wisp | 24 | |
| Archer | 17 | |
| Forest Troll Shadow Priest | 4 | |
| Druid of the Claw | 7 | |
| Dryad | 8 | |
60 total
» upgrades
| Druid of the Claw Training | 2 | |
| Mark of the Claw | 1 | |
| Well Spring | 1 | |
| Ultravision | 1 | |
| Abolish Magic | 1 | |
| Strength of the Wild | 1 | |
| Nature's Blessing | 1 | |
8 total
» buildings
| Moon Well | 7 | |
| Altar of Elders | 1 | |
| Ancient of War | 1 | |
| Tree of Ages | 1 | |
| Hunter's Hall | 1 | |
| Tree of Life | 4 | |
| Tree of Eternity | 1 | |
| Ancient Protector | 1 | |
| Ancient of Lore | 3 | |
| Ancient of Wonders | 2 | |
22 total
» build order
00:36 Moon Well
01:02 Altar of Elders
01:11 Ancient of War
01:27 Moon Well
02:45 Moon Well
04:07 Tree of Ages
04:32 Hunter's Hall
06:02 Tree of Life
06:43 Tree of Eternity
09:09 Ancient Protector
11:21 Ancient of Lore
11:24 Ancient of Lore
11:28 Moon Well
12:29 Moon Well
14:09 Ancient of Wonders
15:51 Ancient of Wonders
16:02 Tree of Life
17:07 Moon Well
20:09 Moon Well
25:27 Tree of Life
26:48 Tree of Life
28:48 Ancient of Lore
» items
| Scroll of Town Portal | 5 | |
| Potion of Lesser Invulnerability | 2 | |
| Boots of Speed | 1 | |
| Scroll of Regeneration | 2 | |
| Lesser Clarity Potion | 1 | |
| Potion of Healing | 1 | |
| Orb of Venom | 1 | |
13 total
unix_solo (
teal | 35 APM | 1127 actions | 32:20)
6 Mountain King
3 Storm Bolt
2 Bash
1 Avatar
4 Paladin
2 Holy Light
2 Divine Shield
» actions
| Assign group hotkey | 8 | |
| Build / train | 91 | |
| Enter build submenu | 26 | |
| Enter hero's abilities submenu | 10 | |
| Give item / drop item | 2 | |
| Right click | 508 | |
| Select / deselect | 364 | |
| Select group hotkey | 28 | |
| Use ability | 90 | |
1127 total
» units
| Peasant | 15 | |
| Footman | 13 | |
| Priest | 11 | |
| Rifleman | 6 | |
| Mortar Team | 10 | |
| Siege Engine | 2 | |
57 total
» upgrades
| Defend | 1 | |
| Gunpowder | 2 | |
| Long Rifles | 1 | |
| Priest Training | 2 | |
| Fragmentation Shards | 1 | |
| Barrage | 1 | |
8 total
» buildings
| Altar of Kings | 2 | |
| Barracks | 1 | |
| Farm | 13 | |
| Lumber Mill | 1 | |
| Scout Tower | 3 | |
| Arcane Tower | 1 | |
| Guard Tower | 2 | |
| Arcane Vault | 1 | |
| Keep | 1 | |
| Castle | 1 | |
| Arcane Sanctum | 1 | |
| Blacksmith | 1 | |
| Workshop | 1 | |
29 total
» build order
00:22 Altar of Kings
00:37 Barracks
00:54 Farm
01:23 Lumber Mill
01:33 Farm
01:46 Scout Tower
01:54 Farm
01:56 Farm
02:29 Arcane Tower
03:13 Scout Tower
03:15 Scout Tower
03:41 Guard Tower
03:43 Farm
03:45 Farm
03:46 Guard Tower
04:30 Arcane Vault
04:32 Farm
05:12 Keep
05:17 Farm
06:31 Farm
06:32 Farm
08:53 Castle
09:17 Arcane Sanctum
09:20 Blacksmith
11:02 Farm
11:05 Workshop
16:22 Farm
16:25 Farm
30:35 Altar of Kings
» items
| Scroll of Regeneration | 2 | |
| Lesser Clarity Potion | 1 | |
| Potion of Mana | 2 | |
| Scroll of Town Portal | 4 | |
9 total
RPSoul (
blue | 83 APM | 1096 actions | 13:08)
2 Blademaster
1 Wind Walk
1 Critical Strike
» actions
| Assign group hotkey | 14 | |
| Build / train | 25 | |
| Enter build submenu | 10 | |
| Enter hero's abilities submenu | 2 | |
| Remove unit from queue | 1 | |
| Right click | 754 | |
| Select / deselect | 114 | |
| Select group hotkey | 126 | |
| Use ability | 50 | |
1096 total
» units
» upgrades
» buildings
| Altar of Storms | 1 | |
| Orc Burrow | 2 | |
| Voodoo Lounge | 2 | |
| War Mill | 1 | |
| Stronghold | 1 | |
| Beastiary | 2 | |
| Fortress | 1 | |
| Watch Tower | 4 | |
14 total
» build order
00:07 Altar of Storms
00:21 Orc Burrow
00:59 Voodoo Lounge
01:29 War Mill
02:11 Stronghold
03:38 Orc Burrow
04:39 Beastiary
04:42 Beastiary
05:15 Fortress
08:02 Voodoo Lounge
08:31 Watch Tower
08:33 Watch Tower
08:34 Watch Tower
08:35 Watch Tower
» items
| Healing Salve | 1 | |
| Lesser Clarity Potion | 3 | |
| Boots of Speed | 1 | |
| Potion of Healing | 1 | |
6 total
ILL-Virtue (
pink | 46 APM | 1490 actions | 32:29)
5 Blademaster
3 Wind Walk
2 Critical Strike
1 Tauren Chieftain
1 Endurance Aura
» actions
| Assign group hotkey | 21 | |
| Build / train | 63 | |
| Enter build submenu | 28 | |
| Enter hero's abilities submenu | 6 | |
| Remove unit from queue | 12 | |
| Right click | 607 | |
| Select / deselect | 321 | |
| Select group hotkey | 346 | |
| Use ability | 85 | |
1490 total
» units
| Peon | 12 | |
| Grunt | 4 | |
| Tauren | 5 | |
| Shaman | 11 | |
32 total
» upgrades
| Shaman Training | 2 | |
| Pulverize | 1 | |
| Melee Weapons | 2 | |
| Armor | 1 | |
6 total
» buildings
| Orc Burrow | 14 | |
| Altar of Storms | 2 | |
| Barracks | 1 | |
| War Mill | 1 | |
| Voodoo Lounge | 1 | |
| Stronghold | 1 | |
| Watch Tower | 2 | |
| Fortress | 1 | |
| Spirit Lodge | 2 | |
| Tauren Totem | 3 | |
| Great Hall | 1 | |
29 total
» build order
00:19 Orc Burrow
00:38 Altar of Storms
00:54 Barracks
01:24 Orc Burrow
01:52 War Mill
03:37 Voodoo Lounge
03:54 Stronghold
04:03 Orc Burrow
04:50 Watch Tower
05:06 Watch Tower
06:04 Orc Burrow
06:14 Orc Burrow
06:23 Fortress
06:27 Spirit Lodge
08:46 Tauren Totem
08:47 Tauren Totem
10:09 Tauren Totem
11:28 Orc Burrow
11:32 Orc Burrow
14:14 Spirit Lodge
14:52 Orc Burrow
14:53 Orc Burrow
16:18 Orc Burrow
16:19 Orc Burrow
17:35 Orc Burrow
17:37 Orc Burrow
17:48 Orc Burrow
17:54 Altar of Storms
25:47 Great Hall
» items
| Healing Salve | 2 | |
| Lesser Clarity Potion | 1 | |
3 total
Chat log
(00:32 / Allies) Rijker: rush dude
(00:35 / Allies) Rijker: 3 UD
(01:05 / Allies) brucewillisusa: they had 2 orc choosers
(01:05 / Allies) Rijker: everyone good with that?
(01:06 / Allies) brucewillisusa: bms for sure
(01:22 / Allies) Rijker: possibly teching while harassing
(01:24 / Allies) Rijker: rush makes most sense
(01:29 / Allies) xtiger: rush
(01:40 / Allies) brucewillisusa: no they will prolly rush
(01:46 / Allies) brucewillisusa: i wish they would tech
(01:49 / Allies) brucewillisusa: to bats
(01:51 / Allies) Rijker: scout
(01:51 / Allies) brucewillisusa: rofl
(01:52 / Allies) Rijker: but im rushing
(02:00 / Allies) brucewillisusa: u dont even have
(02:02 / Allies) brucewillisusa: a graveyard yet
(02:25 / Allies) Rijker: more concerned about security at this point against 2 BM's
(02:39 / Allies) brucewillisusa: cookie cutting
(02:42 / Allies) brucewillisusa: coutners bm betteer
(02:44 / Allies) brucewillisusa: than not cookie cutting
(03:07 / Allies) RedStarRising: power heros
(04:26 / Allies) RedStarRising: ready soon?
(04:36 / Allies) Rijker: split
(04:44 / Allies) brucewillisusa: dont hit the human toers
(04:47 / Allies) brucewillisusa: htio next one after him
(05:33 / Allies) RedStarRising: we shud all hit together
(05:47 / Allies) Rijker: lets hit purple
(05:50 / Allies) Rijker: see if we cant get a tp
(06:00 / Allies) Rijker: PURPLE
(06:01 / Allies) brucewillisusa: going now
(06:02 / Allies) Rijker: PAY ATTENTION
(06:06 / Allies) Rijker: teals army is completely gon
(06:14 / Allies) Rijker: he has no tp
(06:15 / Allies) Rijker: go
(06:17 / Allies) brucewillisusa: he has towers
(06:19 / Allies) brucewillisusa: and call to arms
(06:20 / Allies) brucewillisusa: shit licker
(06:32 / Allies) Rijker: what the fuck is your problem
(06:37 / Allies) Rijker: lets just go with red
(06:40 / Allies) RedStarRising: yes
(06:47 / Allies) Rijker: haha red called it
(08:37 / Allies) brucewillisusa: lol
(08:48 / Allies) brucewillisusa: ]wood plz
(09:01 / Allies) brucewillisusa: ty
(09:52 / Allies) xtiger: heal me
(10:00 / Allies) xtiger: COIL
(10:16 / All) Rijker: CL with coil?
(10:30 / Allies) xtiger: red
(10:32 / Allies) xtiger: coil
(10:37 / Allies) brucewillisusa: dont tank with dk
(10:45 / Allies) xtiger: wow
(10:48 / Allies) xtiger: fucking heal me
(10:51 / Allies) brucewillisusa: hold on
(10:52 / Allies) brucewillisusa: oom
(11:43 / Allies) RedStarRising: can i pillage pls
(12:04 / Allies) brucewillisusa: dont go in
(12:12 / Allies) Rijker: lol
(12:23 / All) brucewillisusa: leave shitlickers
(13:39 / Allies) RedStarRising: dude
(13:46 / Allies) xtiger: take next one
(13:53 / Allies) RedStarRising: oj u fucker
(13:59 / Allies) xtiger: take this one
(13:59 / Allies) RedStarRising: i want cloadk for my bm
(14:02 / All) brucewillisusa: elave retard
(14:41 / Allies) xtiger: ok
(14:45 / Allies) xtiger: u wanna fcuking lose
(14:55 / Allies) RedStarRising: stfu u greedy fuck..i did all the work
(14:56 / Allies) Rijker: stop it goddammit
(15:21 / All) brucewillisusa: RETARD
(15:22 / All) brucewillisusa: LEAVE
(16:13 / Allies) RedStarRising: greedy fuck oj..i did all the work there and ytou stople both items
(16:19 / Allies) brucewillisusa: WHY ARE YOU NOOBS CRYING
(16:21 / Allies) brucewillisusa: ABOUT ITEMS
(16:22 / Allies) brucewillisusa: JESUS
(16:26 / Allies) brucewillisusa: THE ONLY ITEM THAT MATTERS
(16:28 / Allies) brucewillisusa: IS TP SCROLL
(16:31 / Allies) xtiger: im not this kid is
(16:35 / Allies) brucewillisusa: "KID"
(16:35 / Allies) brucewillisusa: OK
(16:38 / Allies) brucewillisusa: I SEE WHO THE DOUCHE IS
(16:41 / Allies) RedStarRising: no oj..u could havfe left me one of them
(17:47 / Allies) Rijker: red
(17:47 / Allies) Rijker: wait
(17:48 / Allies) Rijker: wait
(17:48 / Allies) Rijker: wait
(17:50 / Allies) Rijker: im omw
(17:53 / Allies) brucewillisusa: HIT OTHER SIDE
(17:57 / Allies) Rijker: fuck that
(17:58 / Allies) brucewillisusa: ID ONT WANT ITEM CRYERS ON MY SIDE
(18:01 / Allies) Rijker: were the only ones playing
(18:12 / Allies) RedStarRising: oj is the cock..he could havfe left me one of the items
(18:21 / Allies) xtiger: cock my dick nigger
(18:30 / Allies) RedStarRising: u never learn uf cuk..
(18:30 / Allies) xtiger: dont help that faggot
(18:59 / Allies) RedStarRising: stfu ass....you took tome of exp and cloak of flames...and I did all the work there
(19:05 / Allies) xtiger: qq
(19:24 / All) brucewillisusa: MY TEAM
(19:25 / All) brucewillisusa: IS ARGUING
(19:27 / All) brucewillisusa: OVER IOTEMS
(19:29 / All) brucewillisusa: FUCK
(19:31 / All) brucewillisusa: ITS BEEN GOING ON ALL GAME
(19:37 / Allies) RedStarRising: hes a greedy fuck..theres no reason for it
(19:50 / Allies) brucewillisusa: LET GHIM HAVE
(19:51 / Allies) brucewillisusa: TEH DAMN HITEMS
(19:52 / Allies) brucewillisusa: WHO CARES
(19:55 / Allies) brucewillisusa: ONLY A NOOB CARES
(19:57 / Allies) brucewillisusa: ABOUT GETTING
(19:58 / Allies) brucewillisusa: "HIS ITEMS"
(20:15 / Allies) RedStarRising: thats my poiint...he shud have done the right thing and given me one of them..i did all thework on the creep
(20:21 / Allies) brucewillisusa: YOU ARE A NOOB
(20:23 / Allies) brucewillisusa: YOU WANT YOUR ITEMS
(20:25 / Allies) brucewillisusa: HES I A NOOB
(20:26 / Allies) xtiger: go cry to your momma
(20:27 / Allies) brucewillisusa: HE WANTMS THEM TOO
(20:46 / Allies) RedStarRising: so waht..i do all the work and he rolls in and grabs them
(21:45 / Allies) brucewillisusa: TPING
(22:03 / All) Rijker: GG
(22:21 / All) brucewillisusa: SHITNOOB HERO FOCUSER
(22:41 / Allies) RedStarRising: learn to share oj ..u cost us the game
(22:45 / Allies) brucewillisusa: SHUT UP
(22:46 / Allies) brucewillisusa: RETARD
(22:48 / Allies) brucewillisusa: SHUT UP
(22:48 / Allies) Rijker: we just fucking won idiot
(22:49 / Allies) brucewillisusa: ITEM N OOBS
(22:50 / Allies) RedStarRising: u shut up noob
(22:52 / Allies) brucewillisusa: ITEM
(22:53 / Allies) brucewillisusa: NOOBS
(22:54 / Allies) brucewillisusa: ITEM,
(22:55 / Allies) brucewillisusa: NOOBS
(22:55 / Allies) brucewillisusa: ITEM
(22:57 / Allies) brucewillisusa: NOOBS
(22:59 / Allies) brucewillisusa: GO PLAY DOTA ITEM TRASH
(23:02 / Allies) RedStarRising: stfu theres no reason for him to take both
(23:03 / Allies) brucewillisusa: ITEMS DONT OWRK FOR ALLY THERE
(23:05 / Allies) brucewillisusa: ITEM CRIER
(23:07 / Allies) xtiger: purple u fucking suck dick
(23:11 / Allies) xtiger: stop crying
(23:11 / Allies) RedStarRising: ur base next red
(23:13 / Allies) brucewillisusa: "ITS NOT FAIR"
(23:16 / Allies) brucewillisusa: "ITS JSUT NOT FAIR"
(24:01 / Allies) Rijker: dont attack me
(24:04 / Allies) Rijker: i didnt do shit to you
(24:08 / Allies) RedStarRising: im not..youve been cool yellow'
(25:56 / All) Rijker: Fucking tossers
(26:28 / Allies) brucewillisusa: WHY WOULD YOU MAKE GARGS
(26:29 / Allies) brucewillisusa: EVER
(26:30 / Allies) brucewillisusa: JOKE UNIT
(26:37 / Allies) brucewillisusa: MEET UP
(26:38 / Allies) brucewillisusa: AND WE FIGHT
(26:38 / Allies) Rijker: moble
(26:41 / Allies) brucewillisusa: ...
(26:42 / Allies) Rijker: good building killers
(26:45 / Allies) brucewillisusa: A DEAD UNIT ISNT MOBILE
(26:46 / Allies) Rijker: mobile**
(26:56 / Allies) brucewillisusa: LETS GO
(27:10 / Allies) brucewillisusa: LETS FUCING END IT/LOSE
(27:15 / Allies) brucewillisusa: GOLD US
(27:16 / Allies) brucewillisusa: UR DEAD
(27:17 / Allies) brucewillisusa: GOLD US
(27:18 / Allies) brucewillisusa: BECFORE GAME OVER
(27:31 / Allies) xtiger: NO
(27:48 / Allies) RedStarRising: see what i mean..hes not ateam player
(27:52 / Allies) brucewillisusa: SBHUT
(27:52 / Allies) brucewillisusa: UP
(27:53 / Allies) xtiger: DUMBASS
(27:59 / Allies) xtiger: UR FUCKING TEAMKKILER
(28:12 / Allies) RedStarRising: stfu oj..u greedy basxtard
(28:19 / Allies) xtiger: ur mom is greddy
(28:21 / Allies) brucewillisusa: IM OUT
(28:22 / Allies) RedStarRising: stfu
(28:38 / Allies) Rijker: simply incredible
(28:41 / Allies) Rijker: we just gave them this game
(28:45 / Allies) brucewillisusa: SHUT
(28:46 / Allies) brucewillisusa: UP
(28:47 / Allies) xtiger: purple did
(28:58 / Allies) RedStarRising: shut up oj..u greeedy fuck...
(29:07 / Allies) xtiger: stfu and go cry to your whore mom
(29:15 / Allies) RedStarRising: youre the one crying
(29:18 / Allies) xtiger: LOL
(29:23 / Allies) xtiger: 10 year old kid
(29:30 / Allies) RedStarRising: you would still havef ur base if you werent greeedy..play solo noob
(29:41 / All) Rijker: brasil red?
(30:23 / Allies) brucewillisusa: GOLD ME
(30:23 / Allies) brucewillisusa: SOMEONE
(31:08 / Allies) Rijker: orange run
(31:15 / Allies) Rijker: help him
(31:44 / All) brucewillisusa: UR CARRY IS GONE
(31:45 / All) brucewillisusa: LEAVE
(32:02 / Allies) Rijker: converge on him
(32:26 / All) brucewillisusa: SHIT NOOB ITEM CRYBABIES